 Dungeon Crawl Stone Soup version 0.23.2-1-ga50397a6bc (webtiles) character file.

Game seed: 11384052360013736771

88 Mrkan the Sneak (level 4, -2/29 HPs)
             Began as a Halfling Assassin on May 18, 2019.
             Slain by Terence
             ... wielding a +1 falchion of holy wrath
              (3 damage)
             ... on level 1 of the Dungeon.
             The game lasted 00:05:41 (1890 turns).

Mrkan the Sneak (Halfling Assassin)                 Turns: 1890, Time: 00:05:41

Health: -2/29      AC:  3    Str: 12    XL:     4   Next: 81%
Magic:  4/4        EV: 15    Int:  9    God:
Gold:   146        SH:  0    Dex: 16    Spells: 3/3 levels left

rFire    . . .     SeeInvis .   a - +2 dagger
rCold    . . .     Gourm    .   (shield restricted)
rNeg     . . .     Faith    .   c - +0 robe
rPois    .         Spirit   .   (no helmet)
rElec    .         Reflect  .   d - +0 cloak
rCorr    .         Harm     .   (no gloves)
MR       .....                  (no boots)
Stlth    +++.......             (no amulet)
HPRegen  0.09/turn              (no ring)
MPRegen  0.09/turn              (no ring)

@: no status effects
A: small, mutation resistance 1
a: no special abilities


You were on level 1 of the Dungeon.
You were very hungry.

You visited 1 branch of the dungeon, and saw 3 of its levels.

You collected 146 gold pieces.

Inventory:

Hand Weapons
 a - a +2 dagger (weapon)
 b - a +0 blowgun
Missiles
 e - 8 poisoned needles
 f - 2 curare-tipped needles
Armour
 c - a +0 robe (worn)
 d - a +0 cloak (worn)
Jewellery
 h - an uncursed ring of fire {unknown}
Scrolls
 i - a scroll of enchant weapon {unknown}
 m - a scroll of identify {unknown}
 n - 2 scrolls of teleportation {unknown}
 r - 3 scrolls of remove curse {unknown}
 u - a scroll of fog {unknown}
Potions
 j - 2 potions of haste {unknown}
 k - 4 potions of ambrosia {unknown}
 l - 3 potions of curing {unknown}
 o - a potion of lignification {unknown}
 p - 3 potions of heal wounds {unknown}
 q - 3 potions of flight {unknown}
 s - a potion of resistance {unknown}
 t - a potion of agility
 v - a potion of brilliance {unknown}
Comestibles
 g - 4 rations


   Skills:
 - Level 1.7 Fighting
 * Level 4.0 Short Blades
 - Level 2.0 Throwing
 + Level 2.2 Dodging
 * Level 5.4 Stealth


You had 3 spell levels left.
You didn't know any spells.
Your spell library was empty.

Dungeon Overview and Level Annotations

Branches:
Dungeon (3/15)

Altars:

Annotations:
D:1 Terence


Innate Abilities, Weirdness & Mutations

You are small and have problems with some larger weapons.
You are somewhat resistant to further mutation.


Message History

* * * LOW HITPOINT WARNING * * *
There is a stone staircase leading up here.
Terence closely misses you.
You climb upwards.
There is a stone staircase leading down here.
Terence shouts, "Get ready for death!"
You are feeling very hungry.
The gnoll shouts!
Terence bares his teeth.
There is a stone staircase leading down here.
Terence closely misses you.
There is a stone staircase leading up here.
Terence hits you with a +1 falchion of holy wrath!
* * * LOW HITPOINT WARNING * * *
The gnoll closely misses you.
You climb upwards.
There is a stone staircase leading down here.
Terence says, "Did you write a will?
You should..."
Terence hits you with a +1 falchion of holy wrath.
You die...

#.# #....##...# #.#
####..#.#.#
#.#############.#.#'#
#†#...............#.#
#.##>##########.###.#
#.##.# #.#..<.
#.##.##############.#
##.##@##.....+........
#..##@##.....####.####
#.###..#.......##.####
#.# ##.#.......'......
#.## #..##....######.#
#..####.##....#.......
##...##.##....######.#
###....##.........#.#
#######....###..#.#
#####.#### #..#+#


You could see Terence.

Vanquished Creatures
  A gnoll (D:2)
  2 adders (D:2)
  2 worms (D:2)
  2 dart slugs (D:1)
  2 leopard geckos (D:2)
  A giant cockroach (D:2)
  5 goblins
  3 hobgoblins
  8 jackals
  9 bats
  2 frilled lizards (D:1)
  2 kobolds (D:1)
  10 rats
49 creatures vanquished.

Notes
Turn   | Place    | Note
-------+----------+-------------------------------------------
     0 | D:1      | Mrkan the Halfling Assassin began the quest for the Orb.
     0 | D:1      | Reached XP level 1. HP: 14/14 MP: 1/1
    87 | D:1      | Reached XP level 2. HP: 16/19 MP: 2/2
   467 | D:1      | Reached XP level 3. HP: 11/24 MP: 3/3
   930 | D:2      | Reached skill level 5 in Stealth
  1269 | D:2      | Reached XP level 4. HP: 26/29 MP: 4/4
  1724 | D:3      | Noticed Terence
  1885 | D:2      | HP: 1/29 [Terence/+1 falchion of holy wrath (8)]
  1890 | D:1      | Slain by Terence

Skill      XL: |  1  2  3  4 |
---------------+-------------+-----
Short Blades   | 3 4 |  4.0
Stealth        | 5 |  5.4
Dodging        | 2 |  2.2
Fighting       | |  1.7
Throwing       | |  2.0

Action                   |  1- 3 |  4- 6 || total
-------------------------+-------+-------++-------
Melee: Dagger            |   114 |    59 ||   173
 Stab: Sleeping          |    10 |     3 ||    13
       Distracted        |       |     1 ||     1
  Eat: Chunk             |     1 |     1 ||     2
Armor: Robe              |    40 |    14 ||    54
Dodge: Dodged            |    87 |    74 ||   161
